 Dungeon Crawl Stone Soup version 0.14.0-2-gd2dacb9 (webtiles) character file.

4677 Bloax the Cutter (level 10, -2/51 HPs)
             Began as a Vine Stalker Monk on Apr 10, 2014.
             Was a High Priest of Cheibriados.
             Slain by an orc knight
             ... wielding a +1,+0 trident
              (14 damage)
             ... in a bailey.
             The game lasted 00:20:42 (3105 turns).

Bloax the Cutter (Vine Stalker Monk)                Turns: 3105, Time: 00:20:42

HP  -2/51        AC  8     Str 28      XL: 10   Next: 28%
MP   0/24        EV 19     Int 24      God: Cheibriados [*****.]
Gold 496         SH  0     Dex 34      Spells:  0 memorised, 20 levels left

rFire  . . .     SeeInvis .     o - +1,+0 dagger (elec)
rCold  . . .     Clarity  .     p - +0 steam dragon armour
rNeg   + . .     Conserve .     (no shield)
rPois  .         rCorr    .     (no helmet)
rElec  .         rRot     +     m - +0 cloak
SustAb . .       Spirit   +     l - +1 pair of gloves
rMut   .         Warding  .     (no boots)
Saprov . . .     Stasis   .     (no amulet)
MR     +....                    q - ring of teleport control
                                h - ring of positive energy

@: very slow, somewhat resistant to hostile enchantments, very stealthy
A: fangs 3, regeneration 2, magic shield, antimagic bite, no device heal
a: Bend Time, Temporal Distortion, Slouch, Step From Time, Renounce Religion,
Evoke Teleport Control


You were in a bailey.
You worshipped Cheibriados.
Cheibriados was extremely pleased with you.
You were not hungry.

You visited 3 branches of the dungeon, and saw 14 of its levels.
You also visited: Bailey.

You collected 496 gold pieces.


Innate Abilities, Weirdness & Mutations

You are immune to rotting.
You have razor-sharp teeth.
You heal very quickly.
When hurt, damage is shared between your health and your magic reserves.
Your bite disrupts and absorbs the magic of your enemies.
Potions and wands cannot restore your HP.


   Skills:
 - Level 4.7 Fighting
 - Level 6.3 Short Blades
 + Level 5.8 Dodging
 - Level 6.0 Stealth
 + Level 5.1 Unarmed Combat
 - Level 5.9 Spellcasting
 + Level 6.2 Invocations


You had 20 spell levels left.
You didn't know any spells.

Dungeon Overview and Level Annotations

Branches:
Dungeon (10/15)            Temple (1/1) D:4             Orc (3/4) D:10
   Lair (0/8) D:8
    Elf: Orc:3-4

Altars:
Ashenzari
Cheibriados
Elyvilon
Fedhas
Makhleb
Nemelex Xobeh
Okawaru
Vehumet
Yredelemnul
Zin

Shops:
D:6 :

Inventory:

Hand weapons
 o - a +1,+0 dagger of electrocution (weapon)
   (You took it off a goblin on level 3 of the Dungeon)
 w - a +1,+5 short sword
   (You took it off an orc warrior on level 2 of the Orcish Mines)
Missiles
 n - 3 tomahawks (quivered)
Armour
 l - a +1 pair of gloves (worn)
   (You found it on level 2 of the Dungeon)
 m - a +0 cloak (worn)
   (You found it on level 6 of the Dungeon)
 p - a +0 steam dragon armour (worn)
   (You found it on level 6 of the Dungeon)
 r - a +1 plate armour of positive energy
   (You took it off an orc warrior on level 9 of the Dungeon)
 t - a +0 pair of gloves
   (You found it on level 9 of the Dungeon)
Magical devices
 a - a wand of confusion (0)
   (You took it off Jessica on level 3 of the Dungeon)
 j - a wand of cold (0)
   (You found it on level 5 of the Dungeon)
 s - a wand of confusion (6)
   (You found it on level 8 of the Dungeon)
Comestibles
 b - 2 bread rations
 f - a meat ration
Scrolls
 g - a scroll of noise {!r}
 i - a scroll of recharging
 k - 2 scrolls of enchant armour
 v - a scroll of remove curse
Jewellery
 h - a ring of positive energy (left hand)
   (You found it on level 6 of the Dungeon)
 q - a ring of teleport control (right hand)
   (You found it on level 7 of the Dungeon)
Potions
 c - 3 potions of curing
Magical staves
 u - an uncursed staff of wizardry {!a}
   (You found it on level 9 of the Dungeon)

#.~.#########'###+############
#.~.## ##......... # #.~..##
##..~¤~~~~~. ## #.~~..##
##..~~.....¤ ##.
#\.~~..#'#..~~..}}}..~ #..
##.~~..#'#..~~oo.}...~ #..
#.~~..##.##..~~o¤...~~ ##.
#.~..##...##o.~~~~~~~.. ##
#.~.##.....'#@.¤.¤....# $$$.#
#.~.#############+##### ####
#.~.....).)..## #####
#.~~~~~~~~~~).## #######~~~~
#..........~~..## ##.).##.....
##########..~~..###..~).##.###
##..~~.....~~)..##...
##..~~~~~~~).#######
##.........## #


You could see an orc knight and 3 orc warriors.


Message History

There is an open door here.
Unknown command.
The orc knight hits you from afar with a glaive!
Evoke which item? (* to show all) (? for menu, Esc to quit)
Zapping:
s - a wand of confusion {zapped: 2}
Aim: an orc knight, wielding a glaive and wearing a ring mail The orc knight easily resists.
The orc knight hits you from afar with a glaive.
Unknown command.
Evoke which item? (* to show all) (? for menu, Esc to quit)
Zapping:
s - a wand of confusion {zapped: 3}
Aim: an orc knight, wielding a glaive and wearing a ring mail The orc knight easily resists.
Unknown command.
Unknown command.
Evoke which item? (* to show all) (? for menu, Esc to quit)
Zapping:
s - a wand of confusion {zapped: 4}
Aim: an orc knight, wielding a glaive and wearing a ring mail The orc knight easily resists.
The orc knight hits you from afar with a glaive.
Unknown command.
Unknown command.
Evoke which item? (* to show all) (? for menu, Esc to quit)
Zapping:
s - a wand of confusion {zapped: 5}
Aim: an orc knight, wielding a glaive and wearing a ring mail (black smoke)
The orc knight easily resists.
The orc knight closely misses you.
Unknown command.
Unknown command.
Evoke which item? (* to show all) (? for menu, Esc to quit)
Zapping:
s - a wand of confusion {zapped: 6}
Aim: an orc knight, wielding a glaive and wearing a ring mail The orc knight appears confused.
Unknown command.
Unknown command.
Evoke which item? (* to show all) (? for menu, Esc to quit)
Okay, then.
The orc warrior misses you.
The orc warrior hits you from afar with a trident.
The orc knight hits the orc warrior with a glaive!
The orc warrior barely misses you.
The orc knight falls into the lava!
The orc knight is incinerated.
Cheibriados thoroughly appreciates the change of pace.
You hear a sizzling splash. x2
Your Unarmed Combat skill increases to level 5!
Your Invocations skill increases to level 6!
The orc warrior completely misses you. The orc warrior completely misses you.
The orc warrior closely misses you.
The orc warrior hits you but does no damage.
The orc warrior hits you from afar with a trident!
The orc warrior hits you from afar with a trident.
The orc warrior hits you from afar with a halberd!
* * * LOW HITPOINT WARNING * * *
Drink which item? (? for menu, Esc to quit)
Okay, then.
Use which ability? (? or * to list)
You warp the flow of time around you!
You feel somewhat more hungry.
Cheibriados reduces the support of your attributes as your movement quickens.
The orc warrior closely misses you.
The orc warrior hits you from afar with a trident.
* * * LOW HITPOINT WARNING * * *
The orc knight completely misses you.
Unknown command.
Unknown command.
Read which item? (? for menu, Esc to quit)
Okay, then.
Drink which item? (? for menu, Esc to quit)
Okay, then.
You closely miss the orc knight. The orc warrior closely misses you.
The orc knight hits you with a trident!
You die...

Action                   |  1- 3 |  4- 6 |  7- 9 | 10-12 || total
-------------------------+-------+-------+-------+-------++-------
Melee: Unarmed           |    65 |       |       |       ||    65
       Dagger            |     6 |    83 |   216 |    60 ||   365
Invok: Temporal Distorti |       |       |       |     1 ||     1
Evoke: Wand              |       |     2 |     7 |     9 ||    18
  Use: Scroll            |     8 |     2 |     4 |       ||    14
       Potion            |     3 |       |       |     2 ||     5
 Stab: Sleeping          |     2 |     3 |    10 |     1 ||    16
       Confused          |       |       |     1 |       ||     1
       Distracted        |       |       |     1 |       ||     1

Vault maps used:
D:1:      shiori_shiawase, serial_curves, eino_curves_04, eino_curves_03,
          eino_curves_04
D:2:      mumra_celtic_spiral_tile
D:3:      nemelex_spade_bored_becter, uniq_grinder, uniq_jessica
D:4:      minmay_temple_entry_fiery, minmay_misc_feat_enclosed
D:5:      minitemple, first_bread
D:6:      serial_shops, shop, uniq_edmund, uniq_blork_the_orc
D:7:      the_bakery
D:8:      minmay_lair_entry_lava, st_stairs_14
D:9:      minivault_14, uniq_erolcha
D:10:     orc_0_dummy, serial_shops, kennysheep_mini_moat
Temple:   water_room_temple_a_12
Orc:1:    serial_shops, shop
Orc:2:    nicolae_orc_crystal_geode
Orc:3:    enter_bailey_3, nicolae_orc_pool_cavern, uniq_psyche
Bailey:   bailey_polearm_1, bailey

Notes
Turn   | Place    | Note
--------------------------------------------------------------
     0 | D:1      | Bloax, the Vine Stalker Monk, began the quest for the Orb.
     0 | D:1      | Reached XP level 1. HP: 11/11 MP: 1/1
    92 | D:1      | Reached skill level 1 in Spellcasting
    95 | D:1      | Reached XP level 2. HP: 16/16 MP: 4/4
   260 | D:2      | Reached XP level 3. HP: 14/19 MP: 6/6
   428 | D:2      | Reached skill level 2 in Spellcasting
   475 | D:3      | le happy merchant face
   516 | D:3      | Noticed Jessica
   527 | D:3      | Killed Jessica
   528 | D:3      | Reached XP level 4. HP: 23/23 MP: 9/9
   552 | D:3      | Found a sparkling altar of Nemelex Xobeh.
   556 | D:3      | You fall through a shaft!
   582 | D:4      | Reached skill level 1 in Short Blades
   766 | D:4      | Found a staircase to the Ecumenical Temple.
   772 | Temple   | Entered the Ecumenical Temple
   785 | Temple   | Became a worshipper of Cheibriados the Contemplative
   850 | D:5      | Entered Level 5 of the Dungeon
   902 | D:5      | Noticed a sky beast
  1024 | D:5      | Reached skill level 3 in Spellcasting
  1024 | D:5      | Reached XP level 5. HP: 17/27 MP: 11/13
  1103 | D:5      | Reached skill level 2 in Short Blades
  1133 | D:5      | Found a burning altar of Makhleb.
  1136 | D:5      | Found a basalt altar of Yredelemnul.
  1241 | D:6      | Reached skill level 3 in Short Blades
  1241 | D:6      | Gained mutation: You heal very quickly. [vine stalker growth]
  1241 | D:6      | Reached XP level 6. HP: 32/32 MP: 14/16
  1354 | D:6      | Found Trywn's Book Shop.
  1402 | D:6      | Reached skill level 4 in Spellcasting
  1438 | D:6      | Noticed Blork the orc
  1443 | D:6      | Killed Blork the orc
  1580 | D:7      | Reached skill level 4 in Short Blades
  1580 | D:7      | Reached XP level 7. HP: 13/35 MP: 11/19
  1581 | D:7      | Reached skill level 5 in Spellcasting
  1603 | D:7      | Acquired Cheibriados' first power
  1606 | D:7      | HP: 6/35 [orc warrior/long sword (4)]
  1785 | D:7      | Reached skill level 1 in Invocations
  1785 | D:7      | Gained mutation: You have razor-sharp teeth. [vine stalker growth]
  1785 | D:7      | Reached XP level 8. HP: 39/39 MP: 22/22
  1791 | D:7      | Reached skill level 5 in Short Blades
  1882 | D:7      | Reached skill level 3 in Dodging
  2027 | D:8      | Acquired Cheibriados' second power
  2037 | D:8      | Noticed a fire drake
  2061 | D:8      | Killed a fire drake
  2061 | D:8      | Reached skill level 2 in Invocations
  2072 | D:8      | Found a staircase to the Lair.
  2147 | D:9      | Reached skill level 3 in Invocations
  2149 | D:9      | Reached skill level 6 in Short Blades
  2149 | D:9      | Reached skill level 4 in Dodging
  2163 | D:9      | Reached XP level 9. HP: 37/43 MP: 23/23
  2230 | D:9      | Noticed a gargoyle
  2244 | D:9      | Reached skill level 4 in Invocations
  2273 | D:9      | Reached skill level 3 in Fighting
  2273 | D:9      | Reached skill level 3 in Stealth
  2329 | D:9      | Noticed a centaur skeleton
  2338 | D:9      | Killed a centaur skeleton
  2338 | D:9      | Reached skill level 4 in Stealth
  2443 | D:9      | Acquired Cheibriados' third power
  2498 | D:10     | Entered Level 10 of the Dungeon
  2511 | D:10     | Reached skill level 5 in Invocations
  2531 | D:10     | Reached skill level 5 in Dodging
  2545 | D:10     | Found a staircase to the Orcish Mines.
  2549 | D:10     | Reached skill level 4 in Fighting
  2549 | D:10     | Reached skill level 5 in Stealth
  2561 | Orc:1    | Entered Level 1 of the Orcish Mines
  2763 | Orc:2    | Reached XP level 10. HP: 43/51 MP: 24/24
  2862 | Orc:3    | Reached skill level 6 in Stealth
  2915 | Orc:3    | Found a flagged portal.
  2925 | Bailey   | Entered a bailey
  2945 | Bailey   | Gained mutation: You have a pair of small horns on your head. [potion of beneficial mutation]
  2946 | Bailey   | Lost mutation: You have a pair of small horns on your head. [potion of cure mutation]
  2994 | Bailey   | Noticed an orc knight
  3087 | Bailey   | Noticed an orc knight
  3096 | Bailey   | Killed an orc knight
  3096 | Bailey   | Reached skill level 5 in Unarmed Combat
  3096 | Bailey   | Reached skill level 6 in Invocations
  3104 | Bailey   | HP: 12/51 [orc warrior/trident (5)]
  3105 | Bailey   | Slain by an orc knight

Vanquished Creatures
  An orc knight (Bailey)
  A fire drake (D:8)
  A centaur skeleton (D:9)
  A hungry ghost (D:9)
  A warg (Orc:2)
  An ice beast (D:9)
  9 orc warriors
  A sky beast (D:7)
  An ogre (D:7)
  A phantom (D:9)
  A centaur (D:9)
  A giant frog (D:9)
  Blork the orc (D:6)
  A crocodile (D:10)
  6 killer bees
  2 crimson imps
  A giant frog skeleton (D:8)
  8 hounds
  A gnoll shaman (D:7)
  An iguana (D:10)
  7 orc priests
  11 orc wizards
  4 worker ants
  Jessica (D:3)
  An ogre zombie (D:7)
  A hound skeleton (D:7)
  7 adders
  3 gnolls (D:7)
  An orc skeleton (D:8)
  An inept item mimic (D:4)
  A worm (D:2)
  2 giant geckos
  An ooze (D:1)
  58 orcs
  3 ball pythons
  9 bats
  A bat zombie (D:6)
  A giant cockroach (D:2)
  14 goblins
  7 hobgoblins
  4 jackals
  A giant newt (D:5)
  A goblin skeleton (D:4)
  A jackal skeleton (D:4)
  5 kobolds
  9 rats
  A rat skeleton (D:5)
197 creatures vanquished.

Vanquished Creatures (others)
  An orc (Orc:1)
1 creature vanquished.

Grand Total: 198 creatures vanquished
